 Dungeon Crawl Stone Soup version 0.17.0-24-gcfadda4 (console) character file.

339 jw the Sneak (level 6, -2/43 HPs)
             Began as an Octopode Berserker on Nov 16, 2015.
             Was a Believer of Trog.
             Slain by a phantom (8 damage)
             ... on level 4 of the Dungeon.
             The game lasted 00:08:40 (2936 turns).

jw the Sneak (Octopode Berserker)                   Turns: 2936, Time: 00:08:40

Health: -2/43      AC:  1    Str: 17    XL:     6   Next: 55%
Magic:  6/6        EV: 14    Int:  9    God:    Trog [**....]
Gold:   174        SH:  0    Dex: 15    Spells: 0 memorised, 5 levels left

rFire  . . .     SeeInvis .     a - +0 short sword
rCold  . . .     Clarity  .     (no shield)
rNeg   . . .     SustAt   .     (helmet restricted)
rPois  .         Gourm    .     (no amulet)
rElec  .         Spirit   .     (no ring)
rCorr  .         Warding  .     (no ring)
rMut   .         Stasis   .     (no ring)
MR     ++...                    (no ring)
Stlth  ++++......               (no ring)
                                (no ring)
                                (no ring)
                                (no ring)

@: regenerating, very resistant to hostile enchantments, stealthy
A: almost no armour, amphibious, 8 rings, constrict 8, camouflage 1, agile 1,
screaming 1, gelatinous body 1
a: Berserk, Trog's Hand, Burn Spellbooks, Renounce Religion


You were on level 4 of the Dungeon.
You worshipped Trog.
Trog was pleased with you.
You were near starving.

You visited 1 branch of the dungeon, and saw 4 of its levels.

You collected 174 gold pieces.

Inventory:

Hand Weapons
 a - a +0 short sword (weapon)
Missiles
 e - 54 stones (quivered)
 g - 23 poisoned needles
Wands
 f - a wand of flame (17)
Scrolls
 d - 3 scrolls of identify
 i - a scroll of remove curse
Potions
 c - a potion of degeneration {unknown}
 j - a potion of curing
Comestibles
 b - 5 bread rations
 h - 3 meat rations


   Skills:
 + Level 3.8 Fighting
 * Level 4.5 Short Blades
 + Level 2.1 Throwing
 + Level 3.8 Dodging
 * Level 4.7 Stealth


You had 5 spell levels left.
You didn't know any spells.

Dungeon Overview and Level Annotations

Branches:
Dungeon (4/15)
 Temple: D:4-7

Altars:
Okawaru


Innate Abilities, Weirdness & Mutations

You cannot wear most types of armour.
You are amphibious.
You can wear up to eight rings at the same time.
You can use your tentacles to constrict eight enemies at once.
Your skin changes colour to match your surroundings (Stealth).
Your rubbery body absorbs attacks (AC +1).
You are agile. (Dex +2)
You occasionally shout uncontrollably at your foes.


Message History

Throwing (i - inventory):
e - 56 stones (quivered)
Press: ? - help, Shift-Dir - straight line, f/p - phantom
Aim: a phantom (heavily damaged)
You throw a stone.
The stone hits the phantom but does no damage.
The phantom is heavily damaged.
Attempting RANGED ATTACK TO (0,-2) Throwing (i - inventory):
e - 55 stones (quivered)
Press: ? - help, Shift-Dir - straight line, f/p - phantom
Aim: a phantom (heavily damaged)
You throw a stone. The stone closely misses the phantom.
ATTACKING (0,-1)
You puncture the phantom!
The phantom is severely damaged.
The phantom hits you!
Your skin crawls.
You feel resistant to hostile enchantments.
You are near starving!
The phantom hits you!
You die...

#..## #..##.#### #.... #...#
#(###....# ###...< #...# #.#
####.###...... ##..# #.#
#........#.... #..# #.#
#.####..##.... #..# #(#
#.#####.##.... #.># ##.#
#.#.###.##.... #..#
#.W###....##.###### #########..##
#.x..(((((##.[.#
........##..###..####...####.##
..............)>.(......# #..#
...........^.##.### #...# ##.#
.......###.#.##.#####...# #.##
..............<.#.......# #..#
..................###...######.#
.########........#####.#....##.##
## ##.....)............##...


You could see a phantom.

Table legend:
 A = Turns spent in this place as a percentage of turns spent in the entire game.
 B = Non-inter-level travel turns spent in this place as a percentage of non-inter-level travel turns spent in the entire game.
 C = Inter-level travel turns spent in this place as a percentage of turns spent in this place.
 D = Turns resting spent in this place as a percentage of non-inter-level travel turns spent in this place.
 E = Turns spent auto-exploring this place as a percentage of non-inter-level travel turns spent in this place.
 F = Non-inter-level travel turns spent in this place divided by the number of levels of this place that you've seen.
                   A       B       C       D       E      F
               +-------+-------+-------+-------+-------+----------------------
         Total | 100.0 | 100.0 |   0.6 |   1.2 |   2.8 | 1024.5
       Dungeon | 100.0 | 100.0 |   0.6 |   1.2 |   2.8 | 1024.5
               +-------+-------+-------+-------+-------+----------------------

Table legend:
 A = Kills in this place as a percentage of kills in entire the game.
 B = Kills by you in this place as a percentage of kills by you in the entire game.
 C = Kills by friends in this place as a percentage of kills by friends in the entire game.
 D = Other kills in this place as a percentage of other kills in the entire game.
 E = Experience gained in this place as a percentage of experience gained in the entire game.
 F = Experience gained in this place divided by the number of levels of this place that you have seen.
                   A       B       C       D       E      F
               +-------+-------+-------+-------+-------+----------------------
         Total | 100.0 | 100.0 |  -nan |  -nan | 100.0 | 121.2
       Dungeon | 100.0 | 100.0 |  -nan |  -nan | 100.0 | 121.2
               +-------+-------+-------+-------+-------+----------------------

Vanquished Creatures
  An ogre (D:4)
  3 killer bees (D:4)
  An iguana (D:3)
  4 adders
  3 oozes
  A giant gecko (D:2)
  3 ball pythons
  2 giant cockroaches
  4 goblins
  3 hobgoblins
  3 jackals (D:3)
  5 kobolds
  3 quokkas
  10 bats
  3 giant newts
  A quokka skeleton (D:4)
  10 rats
60 creatures vanquished.

Notes
Turn   | Place    | Note
--------------------------------------------------------------
     0 | D:1      | jw the Octopode Berserker began the quest for the Orb.
     0 | D:1      | Reached XP level 1. HP: 16/16 MP: 1/1
   139 | D:1      | Reached XP level 2. HP: 21/21 MP: 2/2
   143 | D:1      | Reached skill level 1 in Stealth
   693 | D:2      | Reached XP level 3. HP: 26/26 MP: 3/3
   714 | D:2      | Reached ** piety under Trog
  1105 | D:2      | Reached skill level 1 in Throwing
  1105 | D:2      | Reached XP level 4. HP: 31/31 MP: 4/4
  1526 | D:2      | Found an iron altar of Okawaru.
  1668 | D:2      | Gained mutation: You are agile. (Dex +2) [potion of mutation]
  1668 | D:2      | Gained mutation: You occasionally shout uncontrollably at your foes. [potion of mutation]
  2147 | D:3      | Found a faded altar to an unknown god.
  2511 | D:4      | Reached XP level 5. HP: 36/36 MP: 5/5
  2524 | D:4      | Noticed an ogre
  2531 | D:4      | Killed an ogre
  2531 | D:4      | Reached skill level 4 in Short Blades
  2561 | D:4      | Reached XP level 6. HP: 36/42 MP: 6/6
  2936 | D:4      | Slain by a phantom

Action                   |  1- 3 |  4- 6 || total
-------------------------+-------+-------++-------
Melee: Short sword       |    43 |    71 ||   114
Throw: Stone             |    25 |    64 ||    89
Invok: Berserk           |     1 |     3 ||     4
       Trog's Hand       |       |     2 ||     2
Evoke: Wand              |       |     4 ||     4
  Use: Potion            |     3 |     4 ||     7
       Scroll            |     1 |     4 ||     5
 Stab: Sleeping          |     6 |     5 ||    11
  Eat: Chunk             |     1 |     8 ||     9

Vault maps used:
D:1:      scummos_arrival_forest, minmay_distorted
D:2:      lemuel_doored_altar, first_bread
D:3:      ecumenical_altar_2, lightli_sewer_entry_pipes
D:4:      grunt_temple_overflow_open
